 Dungeon Crawl Stone Soup version 0.31-a0-750-gfe7b580527 (webtiles) character file.

Game seed: 14392949965115072165

93 Dittersdorf the Trooper (level 4, -3/40 HPs)
             Began as a Draconian Fighter on Sept 14, 2023.
             Killed by nerve-wracking pain
             ... invoked by Grinder
              (14 damage)
             ... on level 3 of the Dungeon.
             The game lasted 00:02:49 (1987 turns).

Dittersdorf the Trooper (Draconian Fighter)         Turns: 1987, Time: 00:02:50

Health: -3/40      AC:  5    Str: 21    XL:     4   Next: 36%
Magic:  4/4        EV: 12    Int:  8    God:
Gold:   88         SH:  4    Dex: 10    Spells: 3/3 levels left

rFire   . . .        a - +0 long sword
rCold   . . .        b - +0 buckler
rNeg    . . .        (body armour unavailable)
rPois   .            (helmet restricted)
rElec   .            (no cloak)
rCorr   .            (no gloves)
SInv    .            (no boots)
Will    .....        (no amulet)
Stlth   +            (no ring)
HPRegen 0.26/turn    (no ring)
MPRegen 0.09/turn

%: no passive effects
@: no status effects
A: AC +5, unfitting armour, cold-blooded
a: no special abilities


You were on level 3 of the Dungeon.
You visited 1 branch of the dungeon, and saw 3 of its levels.

You collected 88 gold pieces.

Inventory:

Hand Weapons
 a - a +0 long sword (weapon)
Armour
 b - a +0 buckler (worn)
Scrolls
 d - a scroll of noise {unknown}
 e - a scroll of poison {unknown}
 f - a scroll of fog {unknown}
 g - 8 scrolls of identify {unknown}
 h - 2 scrolls of revelation {unknown}
 i - a scroll of enchant weapon {unknown}
 l - a scroll of immolation {unknown}
 m - a scroll of brand weapon {unknown}
Potions
 c - a potion of might
 j - a potion of attraction {unknown}
 k - 2 potions of curing {unknown}
 n - a potion of mutation {unknown}


   Skills:
 + Level 4.0 Fighting
 + Level 2.9 Long Blades
 + Level 3.3 Dodging
 + Level 3.6 Shields


You had 3 spell levels left.
You didn't know any spells.
Your spell library contained the following spells:

 Spells                   Type           Power      Damage    Failure   Level
 Sting                    Tmut/Pois      0%         1d3       47%         1
 Cigotuvi's Dreadful Rot  Necr/Pois/Air  0%         N/A       63%         2
 Poisonous Vapours        Pois/Air       0%         N/A       63%         2
 Stone Arrow              Conj/Erth      0%         3d7       85%         3
 Dispel Undead            Necr           0%         3d6       99%         4
 Olgreb's Toxic Radiance  Pois           0%         N/A       99%         4
 Passage of Golubria      Tloc           0%         N/A       99%         4
 Silence                  Hex/Air        0%         N/A       100%        5
 Death Channel            Necr           0%         N/A       100%        6
 Lehudib's Crystal Spear  Conj/Erth      0%         10d2      100%        8
 Animate Armour           Summ/Erth      Unusable   N/A       N/A         4

Dungeon Overview and Level Annotations

Branches:
Dungeon (3/15)

Altars:

Annotations:
D:3 Grinder


Innate Abilities, Weirdness & Mutations

Your plain brown scales are hard. (AC +5)
You cannot fit into any form of body armour.
You are cold-blooded and may be slowed by cold attacks.


Message History

You see here a +4 spear.
Found an escape hatch in the ceiling.
Found a stone staircase leading down.
There is an escape hatch in the ceiling here.
A mysterious force pulls you upwards. The hatch slams shut behind you.
What level of the Dungeon? (default 3, ? - help)
There is a stone staircase leading down here.
You climb downwards.
There is a stone staircase leading up here.
Grinder is nearby!
Grinder says, "Wait up."
You slash Grinder!
Grinder is moderately wounded.
Grinder misses you.
You hit Grinder but do no damage.
Grinder is moderately wounded.
Grinder gestures at you.
You suddenly lose the ability to move!
Grinder gestures at you. Pain shoots through your body! Grinder hits you.
You can move again.
You barely miss Grinder.
Your tail-slap misses Grinder.
Grinder is lightly wounded.
Grinder blinks!
Grinder gestures at you.
You shrug off the repeated paralysis!
Grinder says, "I used to sell toenails on the black market."
Grinder gestures at you. Pain shoots through your body!
* * * LOW HITPOINT WARNING * * *
You closely miss Grinder.
Your tail-slap misses Grinder.
Grinder is lightly wounded.
You block Grinder's attack.
You slash Grinder!
Grinder is moderately wounded.
Grinder gestures at you. Pain shoots through your body!
You die...
Grinder says, "Now the real fun starts!"

.<.....# #.#
#######.....
..##.#.# #.#
#.#... ...
.> #.#
#<#... ####
.# #.#
#.###. # #.#
#.# . #.#
#.# . #.#
#.#
.######.#
#.#
.......@#
#.#
.######5#
#.# #.# ...
##..# #..#
#..# ....
...#


You could see Grinder.

Vanquished Creatures
  A gnoll (D:1)
  3 adders
  A worm (D:2)
  A dart slug (D:3)
  An orc (D:2)
  4 ball pythons
  5 bats
  4 endoplasms
  3 giant cockroaches
  6 goblins
  2 hobgoblins
  A jackal (D:2)
  5 frilled lizards
  8 kobolds
  4 rats
49 creatures vanquished.

Notes
Turn   | Place    | Note
-------+----------+-------------------------------------------
     0 | D:1      | Dittersdorf the Draconian Fighter began the quest for the
                  | Orb.
     0 | D:1      | Reached XP level 1. HP: 19/19 MP: 1/1
    74 | D:1      | Reached XP level 2. HP: 24/26 MP: 2/2
   337 | D:1      | Reached XP level 3. HP: 6/31 MP: 3/3
  1256 | D:2      | Reached XP level 4. HP: 40/40 MP: 4/4
  1655 | D:2      | Found a faded altar of an unknown god.
  1839 | D:3      | Reached skill level 4 in Fighting
  1974 | D:3      | Noticed Grinder
  1978 | D:3      | Paralysed by Grinder for 2 turns
  1987 | D:3      | Killed from afar by Grinder

Illustrated notes

Levels and vault maps discovered:
D:1:      moated_graveyard_arrival, layout_rooms
D:2:      layout_basic, shapermc_ecumenical_altar_petra, minmay_tripent
D:3:      layout_loops_ring, grunt_temple_overflow_lords_of_destruction,
          general_overflow_altar, uniq_robin, uniq_grinder, uniq_terence

Skill      XL: |  1  2  3  4 |
---------------+-------------+-----
Dodging        | 3 |  3.3
Fighting       | 4 |  4.0
Long Blades    | |  2.9
Shields        | |  3.6

Action                     |  1- 3 |  4- 6 || total
---------------------------+-------+-------++-------
  Melee: Long sword        |   118 |    27 ||   145
         Tailslap          |    10 |     2 ||    12
   Stab: Sleeping          |     1 |       ||     1
 Armour: Skin              |    73 |    10 ||    83
  Dodge: Dodged            |    96 |     8 ||   104
  Block: Buckler           |    38 |     4 ||    42

Table legend: (Time is in decaauts)
 A = Elapsed time spent in this place.
 B = Non-inter-level travel time spent in this place.
 C = Inter-level travel time spent in this place.
 D = Time resting spent in this place.
 E = Time spent auto-exploring this place.
 F = Levels seen in this place.
 G = Mean time per level.
                   A        B        C        D        E       F      G
               +--------+--------+--------+--------+--------+-----+--------+
         Total |   2030 |   1947 |     83 |     97 |   1456 |   3 |  676.7 |
       Dungeon |   2030 |   1947 |     83 |     97 |   1456 |   3 |  676.7 |
               +--------+--------+--------+--------+--------+-----+--------+

Top non-repeatable levels by time:
     D:2: 1248 daAuts
     D:1: 627 daAuts
     D:3: 154 daAuts
